 Dungeon Crawl Stone Soup version 0.24.0-13-gcf9b3192b9 (webtiles) character file.

Game seed: 9493366790603729978, levelgen mode: deterministic

1854 Majang the Skirmisher (level 9, 0/109 HPs)
             Began as a Gnoll Wanderer on Nov 5, 2019.
             Was a Believer of Cheibriados.
             Slain by an orc warrior
             ... wielding a +0 halberd
              (4 damage)
             ... on level 6 of the Dungeon.
             The game lasted 00:32:00 (5913 turns).

Majang the Skirmisher (Gnoll Wanderer)              Turns: 5913, Time: 00:32:00

Health: 0/109      AC: 24    Str: 17 (20) XL:     9   Next: 12%
Magic:  14/14      EV:  2    Int: 20 (22) God:    Cheibriados [**....]
Gold:   421        SH:  0    Dex: 14 (17) Spells: 15/15 levels left

rFire    . . .     SeeInvis .   C - +5 scimitar
rCold    . . .     Gourm    .   (no shield)
rNeg     + + +     Faith    .   (armour currently unavailable)
rPois    +         Spirit   .   (helmet currently unavailable)
rElec    .         Reflect  .   (cloak currently unavailable)
rCorr    .         Harm     .   (gloves currently unavailable)
MR       .....     NoTele   +   (boots currently unavailable)
Stlth    +++.......             (no amulet)
HPRegen  0.28/turn              v - ring of poison resistance
MPRegen  0.14/turn              (no ring)

@: tree-form, very slow
A: distributed training, strong nose
a: Bend Time, Renounce Religion


You were on level 6 of the Dungeon.
You worshipped Cheibriados.
Cheibriados was pleased with you.
You were hungry.
You were a tree.
You visited 2 branches of the dungeon, and saw 7 of its levels.

You collected 421 gold pieces.

Inventory:

Hand Weapons
 a - a +1 quarterstaff
 c - a +2 dagger
 q - a +4 battleaxe
 A - a +0 war axe
 B - the +3 great sword "Qiseal" {venom, +Blink +Fly SInv Stlth+}
   (You found it on level 5 of the Dungeon)

   It poisons the flesh of those it strikes.
   It lets you see invisible.
   It lets you fly.
   It lets you blink.
   It makes you more stealthy.
 C - a +5 scimitar (weapon)
Missiles
 k - 44 poisoned darts (quivered)
 u - 6 boomerangs
Armour
 e - a +0 robe
 g - a +0 crystal plate armour
 n - a +0 scale mail
 w - a +0 plate armour (melded)
 y - a +1 cloak (melded)
Jewellery
 r - an uncursed ring of stealth
 v - a ring of poison resistance (left branch)
Scrolls
 h - a scroll of blinking
 j - a scroll of enchant armour
 l - 5 scrolls of teleportation
 o - a scroll of magic mapping
 D - a scroll of amnesia
Potions
 b - 2 potions of berserk rage
 i - 2 potions of flight
 p - a potion of curing
 s - a potion of invisibility {unknown}
 t - a potion of heal wounds {unknown}
 x - a potion of magic {unknown}
 z - a potion of cancellation {unknown}
Comestibles
 f - 10 rations


   Skills:
 + Level 7.7 Fighting
 + Level 3.8 Short Blades
 + Level 3.8 Long Blades
 + Level 3.8 Axes
 + Level 3.8 Maces & Flails
 + Level 3.8 Polearms
 + Level 6.0 Staves
 + Level 3.8 Slings
 + Level 3.8 Bows
 + Level 3.8 Crossbows
 + Level 4.7 Throwing
 + Level 4.7 Armour
 + Level 3.8 Dodging
 + Level 5.7 Stealth
 + Level 3.8 Shields
 + Level 3.8 Unarmed Combat
 + Level 3.8 Spellcasting
 + Level 3.1 Conjurations
 + Level 3.1 Hexes
 + Level 3.1 Charms
 + Level 3.1 Summonings
 + Level 3.1 Necromancy
 + Level 3.1 Translocations
 + Level 3.1 Transmutations
 + Level 3.1 Fire Magic
 + Level 3.1 Ice Magic
 + Level 3.1 Air Magic
 + Level 3.1 Earth Magic
 + Level 3.1 Poison Magic
 + Level 4.2 Invocations
 + Level 4.7 Evocations


You had 15 spell levels left.
You didn't know any spells.
Your spell library was empty.

Dungeon Overview and Level Annotations

Branches:
Dungeon (6/15)             Temple (1/1) D:5

Altars:
Cheibriados
Hepliaklqana
Nemelex Xobeh
Trog
The Shining One

Shops:
D:6 }*}%:


Innate Abilities, Weirdness & Mutations

Your experience applies equally to all skills.
((You have very sharp teeth.))
Your uncanny sense of smell can sniff out nearby items.


Message History

The water moccasin bites you but does no damage.
Okay, then.
Okay, then.
Throwing (i - inventory. (/) - cycle)
k - 44 poisoned darts (quivered)
Press: ? - help, Shift-Dir - straight line, f - water moccasin
Aim: a water moccasin (heavily wounded)
Okay, then.
You closely miss the water moccasin.
The water moccasin is heavily wounded.
The orc warrior hits you from afar with a +0 halberd!
* * * LOW HITPOINT WARNING * * *
The water moccasin bites you but does no damage. x2
Okay, then.
Okay, then.
Okay, then.
It was a potion of degeneration.
There was something very wrong with that liquid.
You feel weakened.
You feel dopey.
You feel clumsy.
The orc warrior hits you from afar with a +0 halberd.
You die...

.......# #.......#....
......## #.......#....
......# #.......'....
......# #..(....#....
......# ####.....#....
......#
##..#.....#....
......#
##...#.....#....
.##...#
###....#.....#.... .
###+# #
#♣.....#.....#.... .
#8.8##S#####.....#####
. #..o.....######
#o.......# .(..(.....#
..#........#
####..(.....#
...######## ....


You could see an orc warrior and a water moccasin.

Vanquished Creatures
  Eustachio (D:5)
  Duvessa (D:6)
  A phantom (D:5)
  5 ogres
  2 centaurs (D:5)
  A bullfrog (D:6)
  Dowan (D:6)
  A scorpion (D:4)
  5 wights (D:6)
  A crimson imp (D:6)
  A centaur skeleton (D:6)
  2 orc priests
  Jessica (D:3)
  An iguana (D:6)
  3 worker ants
  3 orc wizards
  4 gnolls
  6 adders
  3 shadow imps
  An ooze (D:1)
  An adder zombie (D:6)
  3 worms
  4 dart slugs
  6 leopard geckos
  18 orcs
  2 giant cockroaches
  8 hobgoblins
  A quokka (D:2)
  2 ball pythons
  7 bats
  7 frilled lizards
  8 goblins
  A jackal skeleton (D:4)
  5 kobolds
  3 rats (D:1)
120 creatures vanquished.

Notes
Turn   | Place    | Note
-------+----------+-------------------------------------------
     0 | D:1      | Majang the Gnoll Wanderer began the quest for the Orb.
     0 | D:1      | Majang set off with the following items: a +2 dagger, a
                  | potion of berserk rage, a +0 quarterstaff, a potion of
                  | lignification, a +0 robe, a ration
     0 | D:1      | Reached XP level 1. HP: 23/23 MP: 2/2
   622 | D:1      | Reached XP level 2. HP: 29/29 MP: 3/3
   852 | D:1      | Reached XP level 3. HP: 28/35 MP: 4/4
  1208 | D:1      | Reached skill level 1 in Invocations
  1334 | D:2      | Found a glowing golden altar of the Shining One.
  1368 | D:2      | Reached skill level 1 in Short Blades
  1368 | D:2      | Reached skill level 1 in Long Blades
  1368 | D:2      | Reached skill level 1 in Axes
  1368 | D:2      | Reached skill level 1 in Maces & Flails
  1368 | D:2      | Reached skill level 1 in Polearms
  1368 | D:2      | Reached skill level 1 in Slings
  1368 | D:2      | Reached skill level 1 in Bows
  1368 | D:2      | Reached skill level 1 in Crossbows
  1368 | D:2      | Reached skill level 1 in Dodging
  1368 | D:2      | Reached skill level 1 in Shields
  1368 | D:2      | Reached skill level 1 in Unarmed Combat
  1368 | D:2      | Reached skill level 1 in Spellcasting
  1368 | D:2      | Reached XP level 4. HP: 41/41 MP: 4/6
  1792 | D:2      | Reached skill level 1 in Conjurations
  1792 | D:2      | Reached skill level 1 in Hexes
  1792 | D:2      | Reached skill level 1 in Charms
  1792 | D:2      | Reached skill level 1 in Summonings
  1792 | D:2      | Reached skill level 1 in Necromancy
  1792 | D:2      | Reached skill level 1 in Translocations
  1792 | D:2      | Reached skill level 1 in Transmutations
  1792 | D:2      | Reached skill level 1 in Fire Magic
  1792 | D:2      | Reached skill level 1 in Ice Magic
  1792 | D:2      | Reached skill level 1 in Air Magic
  1792 | D:2      | Reached skill level 1 in Earth Magic
  1792 | D:2      | Reached skill level 1 in Poison Magic
  2257 | D:3      | Noticed Jessica
  2275 | D:3      | Killed Jessica
  2275 | D:3      | Reached XP level 5. HP: 47/47 MP: 7/7
  2658 | D:4      | Noticed an ogre
  2664 | D:4      | Noticed an ogre
  2676 | D:4      | Killed an ogre
  2676 | D:4      | Reached XP level 6. HP: 53/53 MP: 8/8
  2720 | D:4      | Reached skill level 5 in Staves
  3375 | D:4      | Reached XP level 7. HP: 51/59 MP: 10/10
  3507 | D:5      | Entered Level 5 of the Dungeon
  3543 | D:5      | Found a staircase to the Ecumenical Temple.
  3558 | Temple   | Entered the Ecumenical Temple
  3589 | Temple   | Became a worshipper of Cheibriados the Contemplative
  3778 | D:5      | Reached skill level 7 in Fighting
  4070 | D:5      | Reached skill level 5 in Stealth
  4133 | D:5      | Reached XP level 8. HP: 53/67 MP: 12/12
  4271 | D:5      | Noticed Eustachio
  4286 | D:5      | Killed Eustachio
  4483 | D:5      | Found a snail-covered altar of Cheibriados.
  4546 | D:5      | Reached * piety under Cheibriados
  4605 | D:5      | Got a faintly glowing great sword
  5001 | D:6      | Found Vaheebbu's Gadget Shoppe.
  5230 | D:6      | Found Ceijuid's General Store.
  5275 | D:6      | Found Zuzann's Gadget Shoppe.
  5322 | D:6      | Identified the +3 great sword "Qiseal" {venom, +Blink +Fly
                  | SInv Stlth+} (You found it on level 5 of the Dungeon)
  5328 | D:6      | Found Ivaovism's Book Boutique.
  5522 | D:6      | Reached ** piety under Cheibriados
  5739 | D:6      | Reached XP level 9. HP: 72/72 MP: 14/14
  5796 | D:6      | Found Vobbyx's Food Emporium.
  5891 | D:6      | Noticed Duvessa
  5893 | D:6      | Noticed Dowan
  5897 | D:6      | Killed Duvessa
  5903 | D:6      | Killed Dowan
  5910 | D:6      | HP: 5/109 [orc warrior/+0 halberd (11)]
  5913 | D:6      | Slain by an orc warrior

Levels and vault maps discovered:
D:1:      dpeg_arrival_fog, layout_rooms
D:2:      layout_rooms, tso_altar
D:3:      layout_rooms, first_ration, uniq_jessica
D:4:      layout_basic
D:5:      layout_loops_ring, minmay_temple_entry_large_hall, basic_altar,
          uniq_eustachio
D:6:      kennysheep_orc_sif_temple, layout_gridville, serial_shops,
          nicolae_shop_crystal, shop, shop, shop, nicolae_shop_behind_doors,
          minmay_door_square, uniq_duvessa
Temple:   dpeg_five_rooms_temple

Skill      XL: |  1  2  3  4  5  6  7  8 |
---------------+-------------------------+-----
Invocations    | 1 2 3 4 |  4.2
Short Blades   | 1 2 3 |  3.8
Long Blades    | 1 2 3 |  3.8
Axes           | 1 2 3 |  3.8
Maces & Flails | 1 2 3 |  3.8
Polearms       | 1 2 3 |  3.8
Slings         | 1 2 3 |  3.8
Bows           | 1 2 3 |  3.8
Crossbows      | 1 2 3 |  3.8
Dodging        | 1 2 3 |  3.8
Shields        | 1 2 3 |  3.8
Unarmed Combat | 1 2 3 |  3.8
Spellcasting   | 1 2 3 |  3.8
Conjurations   | 1 2 3 |  3.1
Hexes          | 1 2 3 |  3.1
Charms         | 1 2 3 |  3.1
Summonings     | 1 2 3 |  3.1
Necromancy     | 1 2 3 |  3.1
Translocations | 1 2 3 |  3.1
Transmutations | 1 2 3 |  3.1
Fire Magic     | 1 2 3 |  3.1
Ice Magic      | 1 2 3 |  3.1
Air Magic      | 1 2 3 |  3.1
Earth Magic    | 1 2 3 |  3.1
Poison Magic   | 1 2 3 |  3.1
Throwing       | 3 4 |  4.7
Armour         | 3 4 |  4.7
Evocations     | 3 4 |  4.7
Staves         | 5 6 |  6.0
Fighting       | 7 |  7.7
Stealth        | 5 |  5.7

Action                   |  1- 3 |  4- 6 |  7- 9 || total
-------------------------+-------+-------+-------++-------
Melee: Quarterstaff      |    66 |    67 |   174 ||   307
       Bite              |     1 |     6 |    21 ||    28
       Great sword       |       |       |    16 ||    16
       Scimitar          |       |       |    21 ||    21
Throw: Dart              |     9 |    51 |   104 ||   164
       Boomerang         |       |       |    15 ||    15
  Use: Scroll            |       |       |    11 ||    11
       Potion            |       |       |     4 ||     4
 Stab: Sleeping          |     2 |     3 |       ||     5
  Eat: Chunk             |     1 |     7 |     5 ||    13
Armor: Robe              |    22 |    13 |       ||    35
       Plate armour      |       |     3 |    18 ||    21
       Scale mail        |       |       |    72 ||    72
       Skin              |       |       |    10 ||    10
Dodge: Dodged            |    39 |    39 |   104 ||   182
       Rpst.: Scimitar   |       |       |     2 ||     2
       Great sword       |       |       |     1 ||     1
